 Dungeon Crawl Stone Soup version 0.27-a0-1312-g5cdb2b3542 (webtiles) character file.

Game seed: 4510269336724830129

704 vjdl the Digger (level 7, -12/36 HPs)
             Began as a Gargoyle Earth Elementalist on June 20, 2021.
             Was an Initiate of Vehumet.
             Mangled by an ogre (21 damage)
             ... on level 4 of the Dungeon.
             The game lasted 00:11:54 (5684 turns).

vjdl the Digger (Gargoyle Earth Elementalist)       Turns: 5684, Time: 00:11:55

Health: -12/36     AC:  7    Str: 12    XL:     7   Next: 66%
Magic:  8/14       EV: 11    Int: 23    God:    Vehumet [......]
Gold:   81         SH:  0    Dex: 10    Spells: 6/15 levels left

rFire    . . .     SeeInvis .   g - +1 flail (holy)
rCold    . . .     Faith    .   (no shield)
rNeg     + . .     Spirit   .   b - +0 robe
rPois    ∞         Reflect  .   f - +0 helmet
rElec    +         Harm     .   (no cloak)
rCorr    .         Rampage  .   (no gloves)
Will     +....                  (no boots)
Stlth    ++........             (no amulet)
HPRegen  0.12/turn              s - ring of willpower
MPRegen  0.14/turn              u - +6 ring of intelligence

@: no status effects
A: sickness immunity, AC +4, negative energy resistance 1, electricity
resistance, torment resistance 1, petrification resistance
a: Renounce Religion


You were on level 4 of the Dungeon.
You worshipped Vehumet.
Vehumet was noncommittal.
You visited 2 branches of the dungeon, and saw 5 of its levels.

You collected 143 gold pieces.
You spent 62 gold pieces at shops.

Inventory:

Hand Weapons
 a - a +0 flail
 g - a +1 flail of holy wrath (weapon)
 n - a +1 short sword
Missiles
 c - 51 stones
Armour
 b - a +0 robe (worn)
 f - a +0 helmet (worn)
Jewellery
 s - a ring of willpower (left hand)
 u - a +6 ring of intelligence (right hand)
Wands
 k - a wand of charming (8)
 o - a wand of digging (7)
Scrolls
 i - a scroll of amnesia
 l - 2 scrolls of teleportation
Potions
 d - a potion of degeneration {unknown}
 e - 2 potions of invisibility
 h - a potion of haste
 j - 2 potions of lignification {unknown}
 m - 2 potions of attraction {unknown}
 r - 3 potions of curing


   Skills:
 - Level 1.5 Dodging
 - Level 2.1 Stealth
 + Level 4.8 Spellcasting
 + Level 4.6 Conjurations
 - Level 0.7 Transmutations
 + Level 6.8 Earth Magic


You had 6 spell levels left.
You knew the following spells:

 Your Spells              Type           Power      Damage    Failure   Level
a - Sandblast             Erth           74%        2d16      1%          1
b - Stone Arrow           Conj/Erth      62%        3d10      2%          3
c - Lee's Rapid Deconstr  Erth           18%        3d12*     16%         5

Your spell library contained the following spells:

 Spells                   Type           Power      Damage    Failure   Level
 Passwall                 Tmut/Erth      19%        N/A       3%          2
 Petrify                  Tmut/Erth      23%        N/A       21%         4


Dungeon Overview and Level Annotations

Branches:
Dungeon (4/15)             Temple (1/1) D:4

Altars:
Elyvilon
Fedhas
Qazlal
Trog
Uskayaw
Vehumet
Xom
Yredelemnul
Zin
Lugonu

Shops:
D:3 *![[


Innate Abilities, Weirdness & Mutations

You are immune to sickness and miasma.
Your stone body is resilient. (AC +4)
You are immune to poison.
You resist negative energy. (rN+)
You are resistant to electric shocks. (rElec)
You are resistant to unholy torment.
You are immune to petrification.


Message History

The kobold shouts!
You hear a shout!
The kobold throws a stone.
The stone hits you but does no damage.
An adder, a goblin and an ogre come into view.
The goblin shouts!
The ogre shouts!
The kobold hits you with a +0 short sword.
You barely miss the kobold. The kobold completely misses you.
A quokka comes into view.
The adder hisses angrily.
You hit the ogre.
The ogre is lightly wounded.
The kobold hits you but does no damage. The kobold barely misses you.
The ogre barely misses you.
Unknown command.
Unknown command.
The ogre hits you with a +0 giant club!!
Ouch! That really hurt!
* * * LOW HITPOINT WARNING * * *
You feel much better. The kobold hits you but does no damage.
Casting: Stone Arrow (dangerous; 2% risk of failure)
Confirm with . or Enter, or press ? or * to list all spells.
Aiming: Stone Arrow (dangerous; 2% risk of failure)
Press: ? - help, Shift-Dir - straight line, f - ogre
Aim: an ogre, wielding a +0 giant club (lightly wounded, 88% to hit)
The stone arrow hits the ogre!
The ogre is heavily wounded.
The ogre hits you with a +0 giant club!!
Ouch! That really hurt!
* * * LOW HITPOINT WARNING * * *
Unknown command.
Unknown command.
Casting: Stone Arrow (dangerous; 2% risk of failure)
Confirm with . or Enter, or press ? or * to list all spells.
Aiming: Stone Arrow (dangerous; 2% risk of failure)
Press: ? - help, Shift-Dir - straight line, f/p - ogre
Aim: an ogre, wielding a +0 giant club (heavily wounded, 88% to hit)
The stone arrow hits the ogre!
The ogre is almost dead.
The ogre hits you with a +0 giant club!!
Ouch! That really hurt!
You die...

*,*,***##,** #.#.#,* ####...P...
#,*,,,,....###...#,# ##P........
#,*,,,,......S.#.#.# #P.........
#,*,***#######.#.#.####..P.......
#>,,,,,........Sg....##..........
#******#########K#.###.....P.....
# #r#.###....P...... #
#O#.##............ #
#@#.##....P.P..... #
####'#.##...........P
#############......##.....P......
...........##......##........P..P
##########.##...........P...P....
****** #.##......#.............
,,,,,* #.##......#....)..P...PP
,,,,,* #.#####'#.#.......P.....
,,,,,** #.# #.#.##..........P.


You could see an ogre, an adder, a quokka, a goblin and a kobold.

Vanquished Creatures
  Sigmund (D:4)
  Edmund (D:4)
  A black bear (D:4)
  2 scorpions (D:4)
  A hound (D:3)
  2 bullfrog skeletons (D:4)
  A hound skeleton (D:3)
  7 adders
  4 worms
  2 orcs
  4 bats
  7 endoplasms
  5 giant cockroaches
  5 goblins
  5 hobgoblins
  7 jackals
  3 kobolds (D:2)
  3 quokkas
  2 ball pythons
  A frilled lizard (D:2)
  5 rats
69 creatures vanquished.

Vanquished Creatures (others)
  9 plants (D:4)
9 creatures vanquished.

Grand Total: 78 creatures vanquished

Notes
Turn   | Place    | Note
-------+----------+-------------------------------------------
     0 | D:1      | vjdl the Gargoyle Earth Elementalist began the quest for
                  | the Orb.
     0 | D:1      | Reached XP level 1. HP: 10/10 MP: 3/3
   726 | D:1      | Reached XP level 2. HP: 15/15 MP: 5/5
   796 | D:1      | Reached skill level 4 in Earth Magic
  1200 | D:2      | Reached XP level 3. HP: 4/19 MP: 2/6
  1451 | D:1      | Learned a level 3 spell: Stone Arrow
  1676 | D:2      | Reached skill level 1 in Conjurations
  1800 | D:2      | Reached XP level 4. HP: 17/24 MP: 3/8
  2514 | D:2      | Found a faded altar of an unknown god.
  3146 | D:3      | Found Awaircha's Armour Shop.
  3435 | D:3      | Reached skill level 5 in Earth Magic
  3514 | D:3      | Found Awotecvaus's Armour Emporium.
  3519 | D:3      | Found Giysux's Distillery.
  3528 | D:3      | Bought a potion of curing for 42 gold pieces
  3579 | D:3      | Reached XP level 5. HP: 28/28 MP: 9/9
  3585 | D:3      | Learned a level 5 spell: Lee's Rapid Deconstruction
  4137 | D:3      | Found Qehahaa's General Store.
  4140 | D:3      | Bought a scroll of identify for 20 gold pieces
  4669 | D:4      | Found a staircase to the Ecumenical Temple.
  4680 | Temple   | Entered the Ecumenical Temple
  4730 | Temple   | Became a worshipper of Vehumet
  4766 | D:4      | Noticed an angel
  4812 | D:4      | Noticed Edmund
  4837 | D:4      | Reached XP level 6. HP: 29/32 MP: 5/11
  5010 | D:4      | Noticed a black bear
  5013 | D:4      | Killed a black bear
  5014 | D:4      | Reached skill level 6 in Earth Magic
  5069 | D:4      | Noticed Sigmund
  5133 | D:3      | Reached XP level 7. HP: 14/36 MP: 10/13
  5314 | D:4      | Killed Sigmund
  5546 | D:4      | Noticed a rust devil
  5557 | D:4      | Killed Edmund
  5684 | D:4      | Mangled by an ogre

Illustrated notes

Levels and vault maps discovered:
D:1:      amcnicky_arrival_abandoned_market, layout_basic, interstate_on_off
D:2:      layout_loops_ring, hellmonk_ecumenical_altar_slurped_away
D:3:      layout_basic, serial_shops, nicolae_shop_behind_doors,
          nicolae_square_shop, shop_fountains, shop, nrook_mini_backslash,
          minmay_distorted
D:4:      black_bear_nest_1, layout_basic, temple_garden, uniq_edmund,
          uniq_sigmund
Temple:   corrupted_temple

Skill      XL: |  1  2  3  4  5  6  7 |
---------------+----------------------+-----
Earth Magic    | 4 5 6 |  6.8
Conjurations   | 1 2 3 4 |  4.6
Spellcasting   | 3 4 |  4.8
Dodging        | |  1.5
Stealth        | |  2.1
Transmutations | |  0.7

Action                   |  1- 3 |  4- 6 |  7- 9 || total
-------------------------+-------+-------+-------++-------
Melee: Club              |    44 |    16 |       ||    60
       Unarmed           |     3 |       |       ||     3
       Short sword       |       |   185 |       ||   185
       Flail             |       |       |     2 ||     2
 Cast: Sandblast         |    25 |    30 |     3 ||    58
       Stone Arrow       |       |     4 |     5 ||     9
  Use: Scroll            |       |     9 |       ||     9
       Potion            |       |     1 |     1 ||     2
 Stab: Sleeping          |     2 |     4 |       ||     6
Armor: Robe              |    21 |   122 |     3 ||   146
Dodge: Dodged            |    26 |   146 |     4 ||   176

Table legend: (Time is in decaauts)
 A = Elapsed time spent in this place.
 B = Non-inter-level travel time spent in this place.
 C = Inter-level travel time spent in this place.
 D = Time resting spent in this place.
 E = Time spent auto-exploring this place.
 F = Levels seen in this place.
 G = Mean time per level.
                   A        B        C        D        E       F      G
               +--------+--------+--------+--------+--------+-----+--------+
         Total |   5724 |   5539 |    185 |    429 |   4238 |   5 | 1144.8 |
       Dungeon |   5654 |   5487 |    167 |    429 |   4201 |   4 | 1413.5 |
        Temple |     70 |     52 |     18 |      0 |     37 |   1 |   70.0 |
               +--------+--------+--------+--------+--------+-----+--------+

Top non-repeatable levels by time:
     D:2: 1749 daAuts
     D:3: 1470 daAuts
     D:1: 1420 daAuts
     D:4: 1014 daAuts
  Temple: 70 daAuts
